 Dungeon Crawl Stone Soup version 0.29-a0-323-g050149af67 (webtiles) character file.

Game seed: 733976086915358284

610 greenreed the Insei (level 7, -6/52 HPs)
             Began as a Gnoll Transmuter on Apr 10, 2022.
             Mangled by an ice beast (11 damage)
             ... on level 5 of the Dungeon.
             The game lasted 00:16:21 (6529 turns).

greenreed the Insei (Gnoll Transmuter)              Turns: 6529, Time: 00:16:21

Health: -6/52      AC:  2    Str: 10    XL:     7   Next: 43%
Magic:  15/15      EV: 13    Int: 14    God:
Gold:   191        SH:  0    Dex: 12    Spells: 14/17 levels left

rFire   . . .      SeeInvis .     - Unarmed
rCold   . . .      Faith    .   (no shield)
rNeg    . . .      Spirit   .   a - +0 robe
rPois   +          Reflect  .   (helmet currently unavailable)
rElec   .          Harm     .   (no cloak)
rCorr   .          Rampage  .   (no gloves)
Will    .....                   (boots currently unavailable)
Stlth   ++........              (no amulet)
HPRegen 0.17/turn               c - ring of poison resistance
MPRegen 0.14/turn               (no ring)

@: appendages
A: horns 2, talons 2, fangs 1, strong nose, distributed training
a: End Transformation


You were on level 5 of the Dungeon.
You had temporarily grown beastly horns and talons.
You visited 1 branch of the dungeon, and saw 5 of its levels.

You collected 191 gold pieces.

Inventory:

Hand Weapons
 l - the +2 long sword of Dissolution {protect, Dex+2}
   (You found it on level 2 of the Dungeon)

   It grants its wielder temporary protection when it strikes (+7 to AC).
   Dex:       It affects your dexterity (+2).
Missiles
 d - 3 poisoned darts
Armour
 a - a +0 robe (worn)
 k - a +0 pair of gloves
Jewellery
 c - a ring of poison resistance (left hand)
Wands
 f - a wand of digging (2)
 s - a wand of iceblast (11)
Scrolls
 h - a scroll of fog
 i - 2 scrolls of identify
 j - a scroll of enchant weapon {unknown}
 n - a scroll of immolation {unknown}
 p - a scroll of teleportation {unknown}
 q - a scroll of brand weapon {unknown}
 r - a scroll of blinking {unknown}
Potions
 b - 3 potions of lignification
 e - a potion of brilliance
 g - 2 potions of attraction
 m - a potion of curing {unknown}
 o - a potion of resistance {unknown}
 t - a potion of might {unknown}
 u - a potion of berserk rage {unknown}
 v - a potion of heal wounds
 w - a potion of invisibility {unknown}


   Skills:
 + Level 3.6 Fighting
 + Level 2.5 Short Blades
 + Level 2.5 Long Blades
 + Level 2.5 Axes
 + Level 2.5 Maces & Flails
 + Level 2.5 Polearms
 + Level 2.5 Staves
 + Level 2.5 Slings
 + Level 2.5 Bows
 + Level 2.5 Crossbows
 + Level 2.5 Throwing
 + Level 2.5 Armour
 + Level 5.2 Dodging
 + Level 2.5 Stealth
 + Level 2.5 Shields
 + Level 7.0 Unarmed Combat
 + Level 5.6 Spellcasting
 + Level 2.0 Conjurations
 + Level 2.0 Hexes
 + Level 2.0 Summonings
 + Level 2.0 Necromancy
 + Level 2.0 Translocations
 + Level 4.3 Transmutations
 + Level 2.0 Fire Magic
 + Level 2.0 Ice Magic
 + Level 2.0 Air Magic
 + Level 2.0 Earth Magic
 + Level 2.0 Poison Magic
 + Level 2.7 Invocations
 + Level 2.5 Evocations


You had 14 spell levels left.
You knew the following spells:

 Your Spells              Type           Power      Damage    Failure   Level
a - Beastly Appendage     Tmut           32%        N/A       2%          1
b - Wereblood             Tmut           16%        N/A       4%          2

Your spell library contained the following spells:

 Spells                   Type           Power      Damage    Failure   Level
 Blink                    Tloc           18%        N/A       11%         2
 Sublimation of Blood     Necr           9%         N/A       11%         2
 Spider Form              Tmut/Pois      12%        N/A       13%         3
 Dazzling Flash           Conj/Hex       18%        N/A       22%         3
 Lesser Beckoning         Tloc           9%         N/A       22%         3
 Ozocubu's Armour         Ice            9%         N/A       22%         3
 Tukima's Dance           Hex            9%         N/A       22%         3
 Ice Form                 Ice/Tmut       12%        N/A       41%         4
 Petrify                  Tmut/Erth      12%        N/A       41%         4
 Iskenderun's Mystic Bla  Conj/Tloc      9%         2d4       56%         4
 Passage of Golubria      Tloc           9%         N/A       56%         4
 Irradiate                Conj/Tmut      6%         3d15      77%         5
 Yara's Violent Unravell  Hex/Tmut       6%         3d5       77%         5
 Manifold Assault         Tloc           9%         N/A       89%         5
 Metabolic Englaciation   Hex/Ice        4%         N/A       89%         5
 Simulacrum               Ice/Necr       4%         N/A       100%        6
 Starburst                Conj/Fire      4%         6d4       100%        6


Dungeon Overview and Level Annotations

Branches:
Dungeon (5/15)
 Temple: D:4-7

Altars:
Fedhas
Qazlal


Innate Abilities, Weirdness & Mutations

You have temporarily grown beastly horns and talons.
You have very sharp teeth.
Your uncanny sense of smell can sniff out nearby items.
Your experience applies equally to all skills.


Message History

You feel sick.
You feel sick.
You start resting.
You feel sick. x4
You are no longer poisoned.
You start resting.
Your transformation is almost over.
Your horns disappear.
Your talons disappear.
HP restored.
Aiming: Dig
Press: ? - help, Shift-Dir - straight line A translucent rock wall.
The rock shatters into small pieces.
An ice beast comes into view.
Casting: Beastly Appendage (safe; 2% risk of failure)
Confirm with . or Enter, or press ? or * to list all spells.
You grow a pair of large bovine horns.
Your feet morph into talons.
You hit the ice beast.
You headbutt the ice beast, but do no damage.
The ice beast is moderately wounded.
The ice beast misses you.
You hit the ice beast but do no damage. You claw the ice beast.
The ice beast is moderately wounded.
The ice beast closely misses you.
You hit the ice beast but do no damage. You claw the ice beast.
Your headbutt misses the ice beast.
The ice beast is moderately wounded.
The ice beast hits you. The ice beast freezes you!
You barely miss the ice beast. You claw the ice beast.
Your headbutt misses the ice beast.
You bite the ice beast, but do no damage.
The ice beast is moderately wounded.
The ice beast hits you. The ice beast freezes you!
You punch the ice beast! You claw the ice beast.
The ice beast is severely wounded.
The ice beast hits you. The ice beast freezes you!
* * * LOW HITPOINT WARNING * * *
The ice beast attacks as you move away! The ice beast hits you.
* * * LOW HITPOINT WARNING * * *
The ice beast freezes you!
You die...

..#.........................
.#..........................
##...........#.#............
.............###.........###
..............# .#
#.............##.##
###................
###...............
#.........@Y...#.
........#[$?#.....
..#.....#)$=#.....
.##.....#![(#.....
#......#####.....
#................
...............<#.
........$##.....# ..........
..#.


You could see an ice beast.

Vanquished Creatures
  A necrophage (D:4)
  A scorpion (D:5)
  2 orc priests (D:4)
  Jessica (D:3)
  2 iguanas
  4 orc wizards (D:4)
  5 gnolls
  9 adders
  A white imp (D:4)
  An ufetubus (D:4)
  2 worms
  2 dart slugs (D:3)
  4 orcs
  5 bats
  8 endoplasms
  3 giant cockroaches
  11 goblins
  12 hobgoblins
  9 jackals
  5 kobolds
  6 quokkas
  6 ball pythons
  A frilled lizard (D:2)
  5 rats
106 creatures vanquished.

Vanquished Creatures (others)
  3 fungi (D:4)
  2 plants (D:4)
5 creatures vanquished.

Grand Total: 111 creatures vanquished

Notes
Turn   | Place    | Note
-------+----------+-------------------------------------------
     0 | D:1      | greenreed the Gnoll Transmuter began the quest for the Orb.
     0 | D:1      | Reached XP level 1. HP: 17/17 MP: 6/6
   113 | D:1      | Reached XP level 2. HP: 22/23 MP: 5/7
   121 | D:1      | Learned a level 2 spell: Wereblood
   446 | D:1      | Reached skill level 5 in Spellcasting
   446 | D:1      | Reached XP level 3. HP: 10/28 MP: 6/9
   684 | D:1      | Reached skill level 1 in Invocations
  1205 | D:1      | Reached skill level 1 in Short Blades
  1205 | D:1      | Reached skill level 1 in Long Blades
  1205 | D:1      | Reached skill level 1 in Axes
  1205 | D:1      | Reached skill level 1 in Maces & Flails
  1205 | D:1      | Reached skill level 1 in Polearms
  1205 | D:1      | Reached skill level 1 in Staves
  1205 | D:1      | Reached skill level 1 in Slings
  1205 | D:1      | Reached skill level 1 in Bows
  1205 | D:1      | Reached skill level 1 in Crossbows
  1205 | D:1      | Reached skill level 1 in Throwing
  1205 | D:1      | Reached skill level 1 in Armour
  1205 | D:1      | Reached skill level 1 in Stealth
  1205 | D:1      | Reached skill level 1 in Shields
  1205 | D:1      | Reached skill level 1 in Evocations
  1422 | D:1      | Reached XP level 4. HP: 22/34 MP: 9/11
  1840 | D:2      | Identified the +2 long sword of Dissolution {protect,
                  | Dex+2}
  2139 | D:2      | Reached skill level 1 in Conjurations
  2139 | D:2      | Reached skill level 1 in Hexes
  2139 | D:2      | Reached skill level 1 in Summonings
  2139 | D:2      | Reached skill level 1 in Necromancy
  2139 | D:2      | Reached skill level 1 in Translocations
  2139 | D:2      | Reached skill level 1 in Fire Magic
  2139 | D:2      | Reached skill level 1 in Ice Magic
  2139 | D:2      | Reached skill level 1 in Air Magic
  2139 | D:2      | Reached skill level 1 in Earth Magic
  2139 | D:2      | Reached skill level 1 in Poison Magic
  2533 | D:3      | Reached XP level 5. HP: 40/40 MP: 10/12
  3036 | D:3      | Found a faded altar of an unknown god.
  3322 | D:3      | Noticed Jessica
  3326 | D:3      | Killed Jessica
  3549 | D:4      | HP: 2/41 [white imp/puff of frost (10)]
  4031 | D:4      | Reached XP level 6. HP: 6/47 MP: 10/13
  4495 | D:4      | Reached skill level 5 in Dodging
  5107 | D:4      | Found a stormy altar of Qazlal.
  5261 | D:4      | Found a blossoming altar of Fedhas.
  5514 | D:4      | Reached XP level 7. HP: 36/52 MP: 15/15
  5527 | D:4      | Reached skill level 7 in Unarmed Combat
  6185 | D:5      | Entered Level 5 of the Dungeon
  6529 | D:5      | Mangled by an ice beast

Illustrated notes

Levels and vault maps discovered:
D:1:      tarquinn_simple_flora_water_d, layout_basic, nicolae_grassy_gnolls
D:2:      layout_loops_cross
D:3:      layout_basic, dilly_ecumenical_altar_fadedgnrine,
          grunt_decor_junction, uniq_jessica
D:4:      layout_layer_cave, grunt_temple_overflow_forces_of_nature
D:5:      layout_cave_pools, mainiacjoe_overflow_alcove_4,
          minmay_temple_entry_mist, due_unseen_surprise

Skill      XL: |  1  2  3  4  5  6  7 |
---------------+----------------------+-----
Spellcasting   | 5 |  5.6
Invocations    | 1 2 |  2.7
Short Blades   | 1 2 |  2.5
Long Blades    | 1 2 |  2.5
Axes           | 1 2 |  2.5
Maces & Flails | 1 2 |  2.5
Polearms       | 1 2 |  2.5
Staves         | 1 2 |  2.5
Slings         | 1 2 |  2.5
Bows           | 1 2 |  2.5
Crossbows      | 1 2 |  2.5
Throwing       | 1 2 |  2.5
Armour         | 1 2 |  2.5
Stealth        | 1 2 |  2.5
Shields        | 1 2 |  2.5
Evocations     | 1 2 |  2.5
Conjurations   | 1 2 |  2.0
Hexes          | 1 2 |  2.0
Summonings     | 1 2 |  2.0
Necromancy     | 1 2 |  2.0
Translocations | 1 2 |  2.0
Fire Magic     | 1 2 |  2.0
Ice Magic      | 1 2 |  2.0
Air Magic      | 1 2 |  2.0
Earth Magic    | 1 2 |  2.0
Poison Magic   | 1 2 |  2.0
Fighting       | 3 |  3.6
Transmutations | 4 |  4.3
Dodging        | 5 |  5.2
Unarmed Combat | 7 |  7.0

Action                   |  1- 3 |  4- 6 |  7- 9 || total
-------------------------+-------+-------+-------++-------
Melee: Unarmed           |    81 |   212 |    36 ||   329
       Kick              |    14 |    33 |    14 ||    61
       Headbutt          |    13 |    23 |     4 ||    40
       Bite              |     5 |    18 |     8 ||    31
       Punch             |     4 |    10 |     2 ||    16
 Cast: Beastly Appendage |    16 |    28 |     4 ||    48
       Wereblood         |       |     2 |       ||     2
Evoke: Wand              |       |       |     1 ||     1
  Use: Potion            |       |     4 |       ||     4
       Scroll            |       |     1 |       ||     1
 Stab: Sleeping          |     1 |     4 |       ||     5
Armor: Robe              |    13 |    26 |     2 ||    41
Dodge: Dodged            |    47 |   111 |    15 ||   173

Table legend: (Time is in decaauts)
 A = Elapsed time spent in this place.
 B = Non-inter-level travel time spent in this place.
 C = Inter-level travel time spent in this place.
 D = Time resting spent in this place.
 E = Time spent auto-exploring this place.
 F = Levels seen in this place.
 G = Mean time per level.
                   A        B        C        D        E       F      G
               +--------+--------+--------+--------+--------+-----+--------+
         Total |   6488 |   6309 |    179 |   1103 |   4235 |   5 | 1297.6 |
       Dungeon |   6488 |   6309 |    179 |   1103 |   4235 |   5 | 1297.6 |
               +--------+--------+--------+--------+--------+-----+--------+

Top non-repeatable levels by time:
     D:4: 2208 daAuts
     D:1: 1642 daAuts
     D:3: 1446 daAuts
     D:2: 850 daAuts
     D:5: 340 daAuts
